 Dungeon Crawl Stone Soup version 0.16.1-5-gaa23807 (console) character file.

4783 gw the Basher (level 10, -7/92 HPs)
             Began as a Deep Dwarf Gladiator on Mar 28, 2015.
             Was an Elder of Makhleb.
             Mangled by a troll (8 damage)
             ... on level 9 of the Dungeon.
             The game lasted 00:11:17 (7743 turns).

gw the Basher (Deep Dwarf Gladiator)                Turns: 7743, Time: 00:11:17

Health: -7/92      AC: 13    Str: 19    XL:     10   Next: 23%
Magic:  14/14      EV:  9    Int:  9    God:    Makhleb [****..]
Gold:   556        SH:  0    Dex: 14    Spells: 0 memorised, 9 levels left

rFire  + . .     SeeInvis .     a - +0 morningstar
rCold  . . .     Rnd*Rage +     m - +0 chain mail
rNeg   + . .     SustAb   .     (no shield)
rPois  +         Gourm    .     c - +2 helmet
rElec  .         Spirit   .     (no cloak)
rCorr  +         Warding  .     (no gloves)
rMut   .         Stasis   .     (no boots)
MR     +....                    i - amulet of resist corrosion
Stlth  ..........               n - ring of poison resistance
                                u - ring of positive energy

@: non-regenerating, drained, somewhat resistant to hostile enchantments,
extremely unstealthy
A: damage resistance, recharge devices, berserk 1, clumsy 1, fire resistance 1,
sense surroundings 2, slow healing 3
a: Device Recharging, Minor Destruction, Lesser Servant of Makhleb, Major
Destruction, Renounce Religion


You were on level 9 of the Dungeon.
You worshipped Makhleb.
Makhleb was greatly pleased with you.
You were not hungry.

You visited 2 branches of the dungeon, and saw 10 of its levels.
You also visited: Ossuary.

You collected 556 gold pieces.

Inventory:

Hand weapons
 a - a +0 morningstar (weapon)
Missiles
 d - 3 throwing nets
Armour
 c - a +2 helmet (worn)
 m - a +0 chain mail (worn)
Jewellery
 i - an amulet of resist corrosion (around neck)
 n - a ring of poison resistance (right hand)
 u - a ring of positive energy (left hand)
Magical devices
 e - a wand of heal wounds (1)
 p - a wand of random effects (0)
Scrolls
 b - 2 scrolls of blinking
 g - 6 scrolls of identify
 j - a scroll of vulnerability {unknown}
 s - a scroll of silence {unknown}
Potions
 r - 3 potions of curing
 t - a potion of cancellation {unknown}
Comestibles
 f - 8 bread rations
 h - 3 fruits
 k - a royal jelly
 l - a beef jerky
 o - 9 slices of pizza
 q - 4 meat rations
 v - 3 chunks of flesh


   Skills:
 + Level 6.3(6.1) Fighting
 * Level 10.1(9.9) Maces & Flails
 - Level 1.7(1.5) Throwing
 + Level 7.4(7.2) Armour
 - Level 3.2(3.1) Dodging
 + Level 8.0(7.8) Invocations
 - Level 2.6(2.4) Evocations


You had 9 spell levels left.
You didn't know any spells.

Dungeon Overview and Level Annotations

Branches:
Dungeon (9/15)             Temple (1/1) D:4
   Lair: D:8-11         Orc: D:9-12

Altars:
Ashenzari
Cheibriados
Dithmenos
Elyvilon
Fedhas
Gozag
Kikubaaqudgha
Makhleb
Nemelex Xobeh
Okawaru
Qazlal
Ru
Sif Muna
Trog
Vehumet
Xom
Zin
The Shining One


Innate Abilities, Weirdness & Mutations

You are resistant to damage.
You can recharge devices by infusing magical energy.
You passively map the area around you.
You do not heal naturally.
You tend to lose your temper in combat.
You are clumsy. (Dex -2)
Your flesh is heat resistant.


Message History

The wight hits you but does no damage.
MOVING TO (0,1)
The wight hits you with an enchanted short sword.
MOVING TO (-1,0)
The wight completely misses you.
MOVING TO (0,1)
The wight closely misses you.
MOVING TO (-1,0)
The wight hits you but does no damage.
MOVING TO (0,1)
The wight hits you but does no damage.
MOVING TO (1,0)
The wight hits you but does no damage.
MOVING TO (0,-1)
The wight closely misses you.
MOVING TO (-1,0)
The wight closely misses you.
MOVING TO (0,-1)
The wight hits you but does no damage. The troll bites you!
You die...

##+##.....# ,, * ,
..........#, *#### * ,
....(.....# , ..... , ,
##+##.....##### ......,
#, #.........# , ..... ,
, # #.........# ,...,, +
, #.........#####'#+####
, #
,,#..........))T.........
, #
#.........))gz....(.... ,
, *
#...................... ,
, ,,
...#############....., ,
,.. * #### * , * , , ,*
,, , * *


You could see a troll and a wight.

Table legend:
 A = Turns spent in this place as a percentage of turns spent in the entire game.
 B = Non-inter-level travel turns spent in this place as a percentage of non-inter-level travel turns spent in the entire game.
 C = Inter-level travel turns spent in this place as a percentage of turns spent in this place.
 D = Turns resting spent in this place as a percentage of non-inter-level travel turns spent in this place.
 E = Turns spent auto-exploring this place as a percentage of non-inter-level travel turns spent in this place.
 F = Non-inter-level travel turns spent in this place divided by the number of levels of this place that you've seen.
                   A       B       C       D       E      F
               +-------+-------+-------+-------+-------+----------------------
         Total | 100.0 | 100.0 |   0.5 |   0.2 |   2.4 | 1352.8
       Dungeon |  86.2 |  86.1 |   0.5 |   0.2 |   2.5 | 1423.6
        Temple |   1.5 |   1.5 |   0.4 |   0.0 |   5.2 | 229.0
       Ossuary |  12.3 |  12.4 |   0.0 |   0.0 |   1.4 | 1840.0
               +-------+-------+-------+-------+-------+----------------------

Table legend:
 A = Kills in this place as a percentage of kills in entire the game.
 B = Kills by you in this place as a percentage of kills by you in the entire game.
 C = Kills by friends in this place as a percentage of kills by friends in the entire game.
 D = Other kills in this place as a percentage of other kills in the entire game.
 E = Experience gained in this place as a percentage of experience gained in the entire game.
 F = Experience gained in this place divided by the number of levels of this place that you have seen.
                   A       B       C       D       E      F
               +-------+-------+-------+-------+-------+----------------------
         Total | 100.0 | 100.0 | 100.0 |  -nan | 100.0 | 621.2
       Dungeon |  80.8 |  79.7 | 100.0 |  -nan |  94.8 | 719.7
       Ossuary |  19.2 |  20.3 |   0.0 |  -nan |   5.2 | 356.0
               +-------+-------+-------+-------+-------+----------------------

Vanquished Creatures
  Pikel (D:7)
  A cyclops (D:8)
  The ghost of Sharkman1231 the Distorting Spriggan, an experienced SpAK of Lugonu (D:6)
  A hungry ghost (D:9)
  A hippogriff (D:9)
  A deep elf fighter (D:8)
  Edmund (D:8)
  An orc warrior (D:6)
  A black bear (D:9)
  The ghost of SolCadguy the Chucker, an average OgHu (D:3)
  2 ogres
  2 centaurs
  3 sky beasts
  2 slaves (D:7)
  A phantom (D:8)
  A big kobold (D:9)
  An elf zombie (Ossuary)
  2 giant frogs (D:8)
  2 killer bees (D:8)
  A scorpion (D:4)
  11 wights
  4 goliath beetles
  A centaur zombie (Ossuary)
  2 crimson imps
  2 jellies
  A human zombie (Ossuary)
  2 centaur skeletons (D:6)
  A giant frog skeleton (D:4)
  2 orc wizards
  3 hounds
  3 worker ants (D:6)
  3 iguanas
  A sheep (D:8)
  3 mummies (Ossuary)
  4 hound zombies (Ossuary)
  6 gnolls
  7 adders
  A giant mite (D:4)
  3 worms
  An adder zombie (Ossuary)
  An adder skeleton (D:4)
  3 giant geckos
  9 orcs
  A ball python (D:3)
  2 giant cockroaches
  4 hobgoblins
  5 jackals
  13 kobolds
  2 quokkas
  11 bats
  A giant gecko skeleton (D:4)
  5 giant newts
  10 goblins
  3 goblin zombies (Ossuary)
  5 hobgoblin zombies (Ossuary)
  6 jackal zombies (Ossuary)
  3 kobold zombies (Ossuary)
  An orc zombie (Ossuary)
  2 quokka zombies (Ossuary)
  10 rats
  7 rat zombies (Ossuary)
192 creatures vanquished.

Vanquished Creatures (collateral kills)
  A black bear (D:9)
  A sky beast (D:9)
  A centaur (D:8)
  2 killer bees (D:8)
  A goliath beetle (D:9)
  An orc wizard (D:8)
  A sheep (D:8)
  An adder (D:9)
  An orc (D:8)
  A kobold (D:9)
11 creatures vanquished.

Vanquished Creatures (others)
  A ynoxinul (D:9)
  2 ufetubi (D:9)
3 creatures vanquished.

Grand Total: 206 creatures vanquished

Notes
Turn   | Place    | Note
--------------------------------------------------------------
     0 | D:1      | gw, the Deep Dwarf Gladiator, began the quest for the Orb.
     0 | D:1      | Reached XP level 1. HP: 19/19 MP: 1/1
   176 | D:1      | Reached XP level 2. HP: 23/26 MP: 2/2
   924 | D:1      | Reached skill level 1 in Evocations
  1243 | D:2      | Reached skill level 1 in Armour
  1497 | D:2      | Reached XP level 3. HP: 19/32 MP: 3/3
  1981 | D:3      | Noticed SolCadguy's ghost (average OgHu)
  2035 | D:3      | Killed SolCadguy's ghost
  2035 | D:3      | Reached skill level 4 in Maces & Flails
  2035 | D:3      | Reached XP level 4. HP: 31/40 MP: 3/5
  2044 | D:3      | Reached XP level 5. HP: 37/48 MP: 4/7
  2471 | D:3      | Gained mutation: You tend to lose your temper in combat. [potion of mutation]
  2471 | D:3      | Gained mutation: You are clumsy. (Dex -2) [potion of mutation]
  2471 | D:3      | Gained mutation: Your flesh is heat resistant. [potion of mutation]
  2807 | D:4      | Noticed an ogre
  2952 | D:4      | Found a shattered altar of Ashenzari.
  2975 | D:4      | Reached skill level 5 in Maces & Flails
  2975 | D:4      | Reached XP level 6. HP: 28/56 MP: 8/8
  3010 | D:4      | Found a staircase to the Ecumenical Temple.
  3026 | Temple   | Entered the Ecumenical Temple
  3065 | Temple   | Became a worshipper of Makhleb the Destroyer
  3274 | D:4      | Noticed an ogre
  3278 | D:4      | Killed an ogre
  3278 | D:4      | Reached skill level 1 in Invocations
  3669 | D:5      | Entered Level 5 of the Dungeon
  3713 | D:5      | Found a deep blue altar of Sif Muna.
  3713 | D:5      | Found a white marble altar of Elyvilon.
  3715 | D:5      | Found a glowing silver altar of Zin.
  3732 | D:5      | Found a shadowy altar of Dithmenos.
  3770 | D:5      | Killed an ogre
  3770 | D:5      | Reached XP level 7. HP: 55/63 MP: 8/8
  3810 | D:5      | Found a sand-covered staircase.
  3856 | Ossuary  | Entered an ossuary
  3931 | Ossuary  | Acquired Makhleb's first power
  3958 | Ossuary  | Reached skill level 6 in Maces & Flails
  4285 | D:6      | Noticed Sharkman1231's ghost (experienced SpAK)
  4307 | D:6      | Acquired Makhleb's second power
  4394 | D:6      | Killed Sharkman1231's ghost
  4394 | D:6      | Reached skill level 7 in Maces & Flails
  4394 | D:6      | Reached XP level 8. HP: 73/73 MP: 7/10
  4595 | D:6      | Found a snail-covered altar of Cheibriados.
  4884 | D:6      | Reached skill level 5 in Armour
  4973 | D:6      | Reached skill level 5 in Invocations
  5163 | D:6      | Reached skill level 5 in Fighting
  5260 | D:7      | Reached skill level 8 in Maces & Flails
  5725 | D:7      | Noticed Pikel
  5736 | D:7      | Acquired Makhleb's third power
  5751 | D:7      | Killed Pikel
  5751 | D:7      | Gained mutation: You passively map the area around you. [level up]
  5751 | D:7      | Reached XP level 9. HP: 53/81 MP: 8/11
  6471 | D:8      | Noticed Edmund
  6493 | D:8      | Killed Edmund
  6526 | D:8      | Found a stormy altar of Qazlal.
  6590 | D:8      | Noticed a cyclops
  6599 | D:8      | Killed a cyclops
  6599 | D:8      | Reached skill level 9 in Maces & Flails
  6619 | D:8      | Found an iron altar of Okawaru.
  7225 | D:8      | Reached XP level 10. HP: 64/91 MP: 14/14
  7247 | D:8      | Acquired Makhleb's fourth power
  7489 | D:9      | Found a bloodstained altar of Trog.
  7532 | D:9      | Reached skill level 10 in Maces & Flails
  7735 | D:9      | HP: 1/92 [wight/enchanted short sword (4)]
  7743 | D:9      | Mangled by a troll

Action                   |  1- 3 |  4- 6 |  7- 9 | 10-12 || total
-------------------------+-------+-------+-------+-------++-------
Melee: Flail             |   143 |   151 |   565 |       ||   859
       Morningstar       |       |       |    44 |    60 ||   104
Invok: Minor Destruction |       |       |   116 |    29 ||   145
       Lesser Servant of |       |       |     3 |     2 ||     5
 Abil: Device Recharging |       |     2 |     5 |       ||     7
Evoke: Wand              |     4 |     5 |    36 |     3 ||    48
  Use: Scroll            |     7 |     2 |     4 |     2 ||    15
       Potion            |     4 |     2 |     3 |     2 ||    11
 Stab: Sleeping          |     1 |       |       |       ||     1
       Paralysed         |       |       |     2 |       ||     2
       Distracted        |       |       |     1 |       ||     1
       Invisible         |       |       |       |     1 ||     1
  Eat: Chunk             |     3 |     7 |    16 |     3 ||    29
       Bread ration      |       |       |     1 |       ||     1

Vault maps used:
D:1:      dpeg_arrival_stone_temple_mockup, grunt_decor_mini_mirrors,
          minmay_misc_feat_four_crosses, kennysheep_boxes
D:2:      first_bread, hex_medium
D:4:      evilmike_ruin_ashenzari, minmay_temple_entry_statues_fountains,
          minivault_23, lemuel_flame_loot_1
D:5:      nicolae_overflow_quartered_altars,
          nicolae_ossuary_entry_false_entrances, uniq_eustachio, uniq_sigmund
D:6:      nicolae_overflow_hidden_temple, cheibrodos_beetle_habitat
D:7:      uniq_pikel
D:8:      overflow_temple_1_default, grunt_pizzeria, okawaru_ov_weapons_minmay,
          uniq_edmund
D:9:      trog_ov_bears_minmay
Temple:   roderic_octagonal_lattice_temple
Ossuary:  minmay_ossuary_two_tombs
